 Dungeon Crawl Stone Soup version 0.29.1-2-gbd0b4ee654 (webtiles) character file.

Game seed: 9670036281309603313

9 qeuew the Ducker (level 2, -2/23 HPs)
             Began as a Merfolk Gladiator on Nov 10, 2022.
             Slain by a gnoll
             ... wielding a +0 spear
              (5 damage)
             ... on level 1 of the Dungeon.
             The game lasted 00:00:15 (202 turns).

qeuew the Ducker (Merfolk Gladiator)                 Turns: 202, Time: 00:00:16

Health: -2/23      AC:  4    Str: 14    XL:     2   Next: 12%
Magic:  2/2        EV: 13    Int:  7    God:
Gold:   0          SH:  0    Dex: 15    Spells: 1/1 levels left

rFire   . . .      SeeInvis .   a - +0 trident
rCold   . . .      Faith    .   (no shield)
rNeg    . . .      Spirit   .   b - +0 leather armour
rPois   .          Reflect  .   c - +0 helmet
rElec   .          Harm     .   (no cloak)
rCorr   .          Rampage  .   (no gloves)
Will    .....                   (no boots)
Stlth   +.........              (no amulet)
HPRegen 0.07/turn               (no ring)
MPRegen 0.08/turn               (no ring)

@: no status effects
A: (nimble swimmer 2), mertail
a: no special abilities


You were on level 1 of the Dungeon.
You visited 1 branch of the dungeon, and saw 1 of its levels.

Inventory:

Hand Weapons
 a - a +0 trident (weapon)
Missiles
 d - 3 throwing nets (quivered)
 e - a javelin
Armour
 b - a +0 leather armour (worn)
 c - a +0 helmet (worn)
Scrolls
 f - a scroll of magic mapping {unknown}


   Skills:
 + Level 2.4 Fighting
 + Level 4.2 Polearms
 + Level 2.2 Throwing
 + Level 4.2 Dodging


You had one spell level left.
You didn't know any spells.
Your spell library was empty.

Dungeon Overview and Level Annotations

Branches:
Dungeon (1/15)

Altars:


Innate Abilities, Weirdness & Mutations

((You are very nimble when in or above water. (Stealth+, EV+, Speed+++)))
Your lower body shifts to a powerful aquatic tail in water.


Message History

There are monsters nearby!
You closely miss the kobold. The gnoll closely misses you.
The kobold closely misses you.
There are monsters nearby!
You closely miss the kobold.
The gnoll hits you from afar with a +0 spear!
The kobold hits you but does no damage.
You hit the kobold but do no damage. The kobold hits you with a +0 dagger.
The gnoll hits you from afar with a +0 spear.
You hit the kobold.
The kobold is moderately wounded.
The kobold barely misses you. The gnoll completely misses you.
You closely miss the kobold.
The kobold is moderately wounded.
The gnoll hits you from afar with a +0 spear.
* * * LOW HITPOINT WARNING * * *
The kobold hits you with a +0 dagger.
* * * LOW HITPOINT WARNING * * *
You are too injured to fight recklessly!
You are too injured to fight recklessly!
You are too injured to fight recklessly!
You are too injured to fight recklessly!
You are too injured to fight recklessly!
You are too injured to fight recklessly!
You are too injured to fight recklessly!
You are too injured to fight recklessly!
You are too injured to fight recklessly!
The kobold attacks as you move away! The kobold closely misses you.
You miss the kobold.
The kobold is moderately wounded.
The kobold hits you but does no damage.
You hit the kobold.
The kobold is heavily wounded.
The kobold closely misses you. The hobgoblin misses you.
The kobold hits you but does no damage.
You closely miss the kobold. You punch the kobold.
You kill the kobold!
The gnoll closely misses you. The hobgoblin closely misses you.
The hobgoblin misses you. The gnoll hits you with a +0 spear.
You die...

#..###..#...#
...###......###...#
##.....(##### #..#
#......###..##
..###...# ..###..#
#.......##..##
.....#####..##...#
##......###..#
.................#
#.......##...
.####..#.#.## #..#
##......###..
.......|...# #$.#
#.......####
########.######..#
##.....(..##
#.......g@#
##.........
#########g#
##........ #.#
###...... ..#
#####.. ##.# ###
#.# #.# ... ...


You could see a gnoll and a hobgoblin.

Vanquished Creatures
  A dart slug (D:1)
  3 endoplasms (D:1)
  A kobold (D:1)
  A rat (D:1)
6 creatures vanquished.

Notes
Turn   | Place    | Note
-------+----------+-------------------------------------------
     0 | D:1      | qeuew the Merfolk Gladiator began the quest for the Orb.
     0 | D:1      | Reached XP level 1. HP: 16/16 MP: 1/1
   178 | D:1      | Reached XP level 2. HP: 23/23 MP: 2/2
   202 | D:1      | Slain by a gnoll

Illustrated notes

Levels and vault maps discovered:
D:1:      dpeg_arrival_snail, layout_loops_corners,
          shapermc_ecumenical_altar_mp_vishouse, kennysheep_pointless_box

Action                   || total
-------------------------++-------
Melee: Trident           ||    22
       Punch             ||     1
 Stab: Sleeping          ||     1
Armor: Leather armour    ||     3
Dodge: Dodged            ||    15
